 Dungeon Crawl Stone Soup version 0.18.1-50-g88ac8fd (webtiles) character file.

1064 Gianozzolo the Changer (level 8, 0/64 HPs)
             Began as a Naga Transmuter on Nov 13, 2017.
             Slain by an adder (5 damage)
             ... on level 6 of the Dungeon.
             The game lasted 00:11:31 (5907 turns).

Gianozzolo the Changer (Naga Transmuter)            Turns: 5907, Time: 00:11:32

Health: 0/64       AC:  5    Str: 17    XL:     8   Next: 27%
Magic:  10/11      EV: 19    Int: 15    God:
Gold:   205        SH:  0    Dex: 17    Spells: 3 memorised, 2 levels left

rFire  . . .     SeeInvis +       - Unarmed
rCold  . . .     Gourm    .     (armour currently unavailable)
rNeg   . . .     Faith    .     (shield currently unavailable)
rPois  x         Spirit   .     (helmet currently unavailable)
rElec  .         Dismiss  .     (cloak currently unavailable)
rCorr  .         Reflect  .     (gloves currently unavailable)
SustAt .         Harm     .     (no barding)
MR     +....                    (no amulet)
Stlth  ++........               q - +3 ring of protection
                                e - +4 ring of strength

@: spider-form, somewhat resistant to hostile enchantments, unstealthy
A: see invisible, (deformed body), (poison resistance), (slowness 0), slow
metabolism 1, spit poison 2, AC +2
a: Spit Poison, End Transformation


You were on level 6 of the Dungeon.
You were hungry.
You were a venomous arachnid creature.
You visited 2 branches of the dungeon, and saw 7 of its levels.

You collected 205 gold pieces.

Inventory:

Armour
 f - a +0 leather armour (melded)
 o - a +0 pair of gloves (melded)
Jewellery
 e - a +4 ring of strength (left front leg)
 q - a +3 ring of protection (right front leg)
 u - an uncursed ring of sustain attributes {unknown}
Wands
 x - a wand of digging (14/24)
Scrolls
 g - 10 scrolls of identify {unknown}
 h - 2 scrolls of magic mapping {unknown}
 i - 2 scrolls of enchant armour {unknown}
 j - a scroll of blinking {unknown}
 k - 2 scrolls of fear {unknown}
 l - 2 scrolls of recharging {unknown}
 m - a scroll of remove curse
 t - a scroll of vulnerability {unknown}
 w - a scroll of fog {unknown}
 y - a scroll of silence {unknown}
Potions
 a - a potion of lignification {unknown}
 b - 3 potions of curing
 r - a potion of resistance {unknown}
 s - a potion of haste {unknown}
 v - a potion of magic {unknown}
Books
 c - a book of Changes

   Spells                             Type                      Level
   a - Beastly Appendage              Transmutation                1
   b - Sticks to Snakes               Transmutation                2
   c - Spider Form                    Transmutation/Poison         3
   d - Ice Form                       Ice/Transmutation            4
   e - Blade Hands                    Transmutation                5
Comestibles
 d - 5 bread rations
 n - a royal jelly
 p - a slice of pizza
 z - 2 chunks of flesh


   Skills:
 - Level 1.0 Fighting
 - Level 1.5 Dodging
 - Level 6.0 Unarmed Combat
 - Level 2.0 Spellcasting
 * Level 7.9 Transmutations
 - Level 2.0 Poison Magic


You had 2 spell levels left.
You knew the following spells:

 Your Spells              Type           Power        Failure   Level  Hunger
a - Beastly Appendage     Trmt           ####..       4%          1    #......
b - Spider Form           Trmt/Pois      ###.......   28%         3    ###....
c - Blade Hands           Trmt           ####......   50%         5    ######.


Dungeon Overview and Level Annotations

Branches:
Dungeon (6/15)             Temple (1/1) D:4

Altars:
Ashenzari
Dithmenos
Elyvilon
Fedhas
Gozag
Makhleb
Nemelex Xobeh
Okawaru
Pakellas
Ru
Sif Muna
Trog
Yredelemnul


Innate Abilities, Weirdness & Mutations

You cannot wear boots.
((Your serpentine skin is tough (AC +2).))
You have supernaturally acute eyesight.
((Armour fits poorly on your strangely shaped body.))
((Your system is resistant to poisons.))
((You cover ground very slowly.))
You have a slow metabolism.
You can spit poison.


Message History

* * * LOW HITPOINT WARNING * * *
Casting: Beastly Appendage
Confirm with . or Enter, or press ? or * to list all spells.
Your horns disappear.
You turn into a venomous arachnid creature.
Your +0 pair of gloves melds into your body.
Your +0 leather armour melds into your body.
You are feeling hungry.
The centaur shoots an arrow.
The arrow completely misses you.
You see here an arrow.
The adder barely misses you.
There is an open door here.
Read which item? (? for menu, Esc to quit)
As you read the scroll labeled VOZXI SEPH, it crumbles to dust.
You feel blessed for a moment.
It was a scroll of remove curse.
The adder closely misses you.
There is an open door here.
You see here a mace.
The adder bites you.
You die...

#....#.(..##..# #....#......
#....#....# #....#......
#....##'#### ####'#......
#......o...# ..#.....####..
####..........#####..#.....#
#..
............c.#..##..#.....#
#..
.............oo..#...#.....#
#..
..............#S)##..#.....#
#..
..............#.s##..#.....#
#..
....#####.....#...#..#.....#
### ....#
#.....#...'..#.....# ....#
#.....#...#..#.....# #####
#.....#####..#.....# ######
#..'.....# #..#.....#
##.#.....# ###.....#


You could see an orc warrior, a centaur, an adder and 2 orcs.

Vanquished Creatures
  An ogre (D:4)
  A centaur (D:6)
  A giant frog (D:4)
  2 scorpions (D:5)
  A howler monkey (D:5)
  2 crimson imps
  A centaur zombie (D:4)
  2 giant frog zombies
  3 hounds
  2 orc priests
  A centaur skeleton (D:6)
  An iguana (D:5)
  4 orc wizards
  A worker ant (D:6)
  7 adders
  2 oozes
  An adder zombie (D:5)
  4 worms
  A dart slug (D:2)
  7 giant geckos
  19 orcs
  8 bats
  6 giant cockroaches
  8 hobgoblins
  7 jackals
  3 quokkas
  2 ball pythons (D:2)
  5 giant newts
  5 goblins
  3 kobolds (D:2)
  6 rats
117 creatures vanquished.

Notes
Turn   | Place    | Note
--------------------------------------------------------------
     0 | D:1      | Gianozzolo the Naga Transmuter began the quest for the Orb.
     0 | D:1      | Reached XP level 1. HP: 18/18 MP: 3/3
   207 | D:1      | Reached XP level 2. HP: 17/25 MP: 3/5
   675 | D:2      | Reached XP level 3. HP: 19/31 MP: 4/6
   680 | D:2      | Learned a level 3 spell: Spider Form
   696 | D:2      | Found an oddly glowing altar of Pakellas.
   757 | D:2      | Reached skill level 3 in Transmutations
  1045 | D:2      | Reached skill level 1 in Poison Magic
  1165 | D:2      | Reached XP level 4. HP: 9/38 MP: 5/7
  2159 | D:3      | Reached skill level 4 in Transmutations
  2159 | D:3      | Reached XP level 5. HP: 32/44 MP: 4/8
  2612 | D:3      | HP: 1/44 [orc wizard/dagger (2)]
  3137 | D:3      | Found a burning altar of Makhleb.
  3137 | D:3      | Noticed a balrug
  3140 | D:3      | Noticed a hellwing
  3140 | D:3      | Noticed a ynoxinul
  3373 | D:4      | Reached XP level 6. HP: 39/51 MP: 6/9
  3523 | D:4      | Reached skill level 5 in Transmutations
  3934 | D:4      | Learned a level 5 spell: Blade Hands
  4004 | D:4      | Found a staircase to the Ecumenical Temple.
  4009 | Temple   | Entered the Ecumenical Temple
  4132 | D:4      | Noticed a phantom
  4463 | D:4      | Reached XP level 7. HP: 42/57 MP: 6/10
  4516 | D:4      | Reached skill level 5 in Unarmed Combat
  4632 | D:4      | Reached skill level 6 in Transmutations
  4646 | D:5      | Entered Level 5 of the Dungeon
  4668 | D:5      | Found a basalt altar of Yredelemnul.
  4996 | D:5      | Reached skill level 7 in Transmutations
  5200 | D:5      | Reached XP level 8. HP: 59/64 MP: 11/11
  5887 | D:6      | HP: 1/64 [orc warrior/flail (20)]
  5907 | D:6      | Slain by an adder

Skill      XL: |  1  2  3  4  5  6  7  8 |
---------------+-------------------------+-----
Transmutations | 3 4 5 7 |  7.9
Poison Magic   | 1 2 |  2.0
Unarmed Combat | 4 5 6 |  6.0
Fighting       | |  1.0
Dodging        | |  1.5
Spellcasting   | |  2.0

Action                   |  1- 3 |  4- 6 |  7- 9 || total
-------------------------+-------+-------+-------++-------
Melee: Unarmed           |    99 |   175 |   138 ||   412
       Headbutt          |    12 |    17 |     9 ||    38
       Punch             |     1 |     2 |     2 ||     5
 Cast: Beastly Appendage |    19 |    28 |    11 ||    58
       Spider Form       |       |     6 |     5 ||    11
 Abil: Spit Poison       |     6 |    19 |     7 ||    32
  Use: Scroll            |       |       |     1 ||     1
       Potion            |       |       |     1 ||     1
 Stab: Distracted        |       |     1 |       ||     1
  Eat: Chunk             |       |    11 |     6 ||    17
Armor: Robe              |     4 |       |       ||     4
       Leather armour    |    23 |    46 |    53 ||   122
       Skin              |       |     2 |     2 ||     4
Dodge: Dodged            |    57 |   100 |    83 ||   240
